Map: [ESL] Tropical Sacrifice

Players

Nina

  • Race: Protoss Protoss
  • Spawn Location: 1:00

Lambo - Winner!

  • Race: Zerg Zerg
  • Spawn Location: 7:00

Event: DreamHack SC2 Masters 2022 Atlanta (Offline)

VOD

Have the link to the VOD?

Description

Time

  • Played on: Nov. 18, 2022, 3:21 p.m.
  • Length: 10:56

All games in this series

Show
View Real Time Build Order
Export as new Build Order

Nina Protoss 

Build Orders: 1 Gate Expand, Oracle Opening 

Get SALT Encoding   

  12  0:00  Probe  
  13  0:12  Probe  
  14  0:18  Pylon  
  14  0:24  Probe (Chrono Boost)  
  15  0:36  Probe (Chrono Boost)  
  15  0:39  Gateway  
  16  0:45  Probe (Chrono Boost)  
  17  0:50  Assimilator  
  17  0:52  Probe  
  18  1:04  Probe  
  19  1:17  Probe  
  20  1:26  Nexus  
  20  1:35  Cybernetics Core  
  20  1:38  Probe  
  21  1:45  Assimilator  
  21  1:50  Probe  
  22  1:57  Pylon  
  22  2:02  Probe (Chrono Boost)  
  23  2:15  Adept  
  23  2:17  Stargate  
  23  2:18  Probe (Chrono Boost)  
  26  2:23  Probe (Chrono Boost)  
  26  2:26  Warp Gate  
  27  2:32  Probe (Chrono Boost)  
  28  2:40  Probe (Chrono Boost)  
  28  2:42  Probe (Chrono Boost)  
  30  2:45  Adept  
  30  2:47  Probe (Chrono Boost)  
  30  2:49  Probe (Chrono Boost)  
  34  2:52  Probe (Chrono Boost)  
  35  2:58  Probe  
  35  3:00  Oracle (Chrono Boost)  
  35  3:04  Probe  
  40  3:10  Probe  
  41  3:19  Probe  
  42  3:24  Nexus  
  42  3:25  Probe  
  43  3:31  Probe, Pylon  
  44  3:40  Probe  
  45  3:43  Probe  
  45  3:46  Twilight Council  
  46  3:52  Probe  
  46  3:55  Probe  
  48  3:57  Oracle (Chrono Boost)  
  48  3:58  Pylon  
  50  4:04  Probe  
  50  4:05  Pylon  
  50  4:07  Probe, Assimilator  
  52  4:15  Assimilator  
  52  4:16  Probe  
  50  4:21  Gateway, Stalker  
  52  4:24  Blink  
  52  4:26  Probe  
  53  4:31  Gateway  
  53  4:36  Gateway  
  53  4:37  Probe (Chrono Boost)  
  54  4:40  Probe (Chrono Boost)  
  54  4:44  Probe (Chrono Boost)  
  56  4:48  Stalker  
  56  4:49  Probe (Chrono Boost)  
  60  4:54  Probe (Chrono Boost)  
  60  4:56  Probe (Chrono Boost)  
  60  4:57  Probe (Chrono Boost)  
  60  4:59  Probe (Chrono Boost)  
  62  5:04  Pylon  
  63  5:07  Forge, Probe  
  63  5:08  Probe  
  63  5:10  Pylon  
  63  5:11  Probe  
  66  5:17  Stalker  
  66  5:21  Probe (Chrono Boost)  
  69  5:22  Templar Archives  
  69  5:26  Probe (Chrono Boost)  
  69  5:27  Probe (Chrono Boost)  
  71  5:33  Stalker x3  
  78  5:37  Probe (Chrono Boost)  
  78  5:38  Protoss Ground Weapons Level 1 (Chrono Boost)  
  78  5:39  Probe (Chrono Boost)  
  78  5:41  Probe (Chrono Boost)  
  80  5:44  Probe  
  80  5:48  Probe  
  81  5:50  Stalker  
  81  5:52  Psionic Storm  
  81  5:54  Probe  
  84  5:59  Nexus, Probe  
  85  6:06  Stalker  
  85  6:10  Stalker  
  82  6:12  Probe  
  82  6:13  High Templar  
  81  6:18  Probe  
  81  6:19  Probe  
  81  6:23  High Templar  
  81  6:24  Assimilator  
  81  6:25  Gateway, Assimilator  
  85  6:26  Gateway, Probe  
  85  6:28  Gateway x2  
  85  6:31  Probe  
  85  6:32  Zealot  
  89  6:35  High Templar, Pylon  
  89  6:37  Probe  
  89  6:39  Probe  
  92  6:51  Pylon  
  92  6:53  Pylon  
  92  6:54  Stalker x2, Pylon  
  92  7:00  Gateway  
  96  7:01  Gateway  
  96  7:08  Nexus  
  96  7:11  Photon Cannon  
  96  7:12  Shield Battery  
  92  7:16  High Templar x2  
  92  7:20  Pylon  
  92  7:21  High Templar x2  
  94  7:24  Probe  
  94  7:25  Probe  
  94  7:26  Probe  
  94  7:29  Zealot x4  
  105  7:36  Probe  
  106  7:37  Robotics Facility  
  106  7:38  Protoss Ground Weapons Level 2 (Chrono Boost)  
  106  7:42  Probe  
  107  7:50  Gateway, High Templar  
  107  7:51  Pylon  
  109  7:54  Photon Cannon  
  109  7:56  Shield Battery, Zealot  
  109  7:57  Zealot  
  113  8:06  Protoss Air Weapons Level 1  
  113  8:10  Zealot, Fleet Beacon  
  113  8:11  Probe  
  113  8:12  Probe x2  
  118  8:18  Stargate  
  118  8:21  Pylon  
  118  8:24  Immortal (Chrono Boost)  
  118  8:26  Probe  
  123  8:33  Zealot x3  
  129  8:35  High Templar  
  129  8:40  Charge (Chrono Boost)  
  131  8:50  Stalker x4  
  131  8:51  Zealot  
  141  9:01  Probe x2  
  141  9:02  Carrier (Chrono Boost), Assimilator  
  143  9:04  Photon Cannon  
  143  9:07  Pylon  
  143  9:08  Probe, Assimilator  
  143  9:09  Observer (Chrono Boost)  
  151  9:19  Pylon  
  151  9:20  Probe  
  151  9:21  Pylon  
  151  9:22  Carrier (Chrono Boost)  
  152  9:25  Pylon  
  158  9:32  Zealot x5  
  158  9:33  Zealot x2  
  171  9:44  Zealot x2  
  175  9:47  Observer  
  175  9:48  Zealot  
  138  10:04  Zealot x6  
  114  10:31  High Templar  
  114  10:32  Zealot x5  
  122  10:43  Zealot  
Show
View Real Time Build Order
Export as new Build Order

Lambo Zerg - Winner!

Build Orders: Hatch First, Lurkers 

Get SALT Encoding   

  12  0:00  Drone  
  13  0:13  Overlord  
  13  0:18  Drone  
  14  0:31  Drone x2  
  16  0:49  Hatchery  
  15  0:52  Drone  
  15  0:56  Drone  
  17  0:59  Drone  
  18  1:10  Extractor  
  17  1:14  Spawning Pool  
  17  1:17  Drone  
  17  1:21  Drone  
  18  1:29  Drone  
  19  1:40  Drone  
  20  1:50  Drone  
  21  2:01  Queen x2  
  21  2:02  Zergling x2, Overlord  
  26  2:11  Drone  
  26  2:13  Metabolic Boost  
  26  2:14  Drone  
  28  2:24  Drone x2  
  30  2:34  Drone  
  31  2:37  Hatchery  
  31  2:43  Overlord  
  30  2:45  Drone  
  30  2:46  Drone  
  32  2:53  Queen  
  32  2:55  Zergling x2  
  32  2:58  Zergling x2  
  36  3:03  Queen  
  38  3:07  Overlord  
  38  3:11  Drone x2  
  40  3:16  Drone  
  40  3:17  Drone  
  40  3:18  Drone  
  43  3:20  Overlord  
  43  3:29  Drone  
  43  3:30  Queen  
  46  3:34  Drone  
  46  3:37  Drone  
  48  3:44  Overlord  
  48  3:46  Drone x2  
  50  3:49  Drone x2  
  52  3:56  Spore Crawler  
  52  3:58  Drone  
  52  4:01  Drone x5  
  56  4:04  Queen  
  56  4:06  Evolution Chamber  
  57  4:10  Drone  
  57  4:13  Drone x4  
  57  4:16  Drone  
  63  4:19  Overlord  
  63  4:21  Drone  
  64  4:26  Overlord  
  64  4:31  Zergling x2  
  64  4:32  Zerg Melee Weapons Level 1  
  64  4:35  Drone x2  
  64  4:37  Baneling Nest  
  66  4:40  Hatchery  
  66  4:42  Drone  
  66  4:46  Drone x2  
  66  4:47  Spore Crawler  
  66  4:50  Zergling x4  
  66  4:51  Overlord  
  66  4:52  Drone  
  70  4:56  Overlord, Extractor  
  70  4:58  Drone x3  
  72  5:00  Drone  
  72  5:02  Queen  
  72  5:05  Overlord  
  75  5:08  Overlord  
  75  5:10  Drone x2  
  77  5:17  Zergling x6, Lair  
  77  5:20  Zergling x8  
  84  5:26  Zergling x6  
  87  5:33  Zergling x6  
  90  5:36  Drone x3  
  90  5:38  Drone  
  90  5:40  Hatchery  
  90  5:41  Spore Crawler  
  92  5:48  Drone x5  
  97  5:51  Extractor  
  97  5:52  Drone, Extractor  
  97  5:53  Drone x3  
  97  5:55  Drone  
  99  5:57  Drone  
  99  5:58  Drone x2  
  99  5:59  Drone  
  99  6:01  Drone  
  103  6:07  Zergling x4  
  103  6:10  Zergling x2  
  104  6:12  Drone  
  104  6:16  Drone x4  
  104  6:20  Drone x3  
  104  6:21  Hydralisk Den  
  104  6:22  Drone x2, Extractor  
  104  6:23  Zergling x2  
  104  6:24  Extractor  
  107  6:25  Spore Crawler  
  107  6:30  Zergling x10  
  111  6:33  Zerg Melee Weapons Level 2, Centrifugal Hooks  
  111  6:34  Drone x3  
  111  6:39  Zergling x8  
  118  6:44  Zergling x2  
  118  6:45  Overlord x2  
  118  6:46  Overlord  
  119  6:50  Extractor  
  119  6:51  Drone, Extractor  
  119  6:52  Drone x3  
  119  6:53  Infestation Pit, Drone x2  
  122  6:55  Muscular Augments  
  122  6:58  Hydralisk x2  
  122  6:59  Evolution Chamber  
  122  7:00  Drone  
  126  7:04  Overlord x2  
  126  7:05  Overlord  
  126  7:07  Overlord  
  126  7:08  Overlord  
  124  7:11  Zergling x8  
  124  7:14  Zergling x10  
  122  7:17  Hydralisk  
  122  7:18  Hydralisk x4  
  127  7:25  Zerg Missile Weapons Level 1  
  127  7:26  Drone x5  
  127  7:27  Drone x2  
  127  7:29  Hydralisk x2  
  134  7:35  Hive  
  134  7:36  Drone x3  
  141  7:42  Drone x4  
  141  7:43  Lurker Den  
  144  7:46  Drone x2, Extractor  
  144  7:47  Spore Crawler, Drone  
  144  7:48  Zergling x6  
  144  7:50  Extractor  
  147  7:54  Drone x2  
  147  7:56  Hydralisk x2  
  147  7:57  Spine Crawler  
  152  8:00  Zergling x6, Hydralisk  
  152  8:04  Zergling x8  
  160  8:06  Grooved Spines  
  160  8:07  Zergling x8  
  160  8:12  Queen  
  164  8:13  Queen  
  164  8:18  Zergling x16  
  174  8:20  Overlord  
  174  8:24  Zergling x12  
  177  8:28  Zergling x8  
  177  8:33  Zergling x8  
  185  8:36  Baneling x4  
  185  8:40  Spine Crawler  
  175  8:50  Seismic Spines  
  175  8:51  Adrenal Glands  
  175  8:52  Hydralisk x2  
  179  9:02  Lurker x10, Overseer  
  189  9:07  Drone x4  
  193  9:10  Spore Crawler  
  193  9:11  Spine Crawler x2  
  193  9:13  Hydralisk  
  193  9:14  Lurker, Hydralisk x2  
  197  9:20  Overseer, Hatchery  
  197  9:23  Zergling x4  
  198  9:26  Overlord  
  198  9:27  Overlord  
  198  9:37  Overlord  
  197  9:47  Adaptive Talons  
  197  9:51  Zergling x2  
  197  9:52  Zergling x2, Overseer  
  199  9:53  Baneling x3  
  199  9:58  Zergling x10  
  199  9:59  Zergling x20  
  186  10:01  Hydralisk x6  
  186  10:02  Zergling x14  
  188  10:07  Hydralisk x2  
  188  10:08  Zergling x4  
  194  10:16  Zergling x2, Hydralisk x2  
  194  10:21  Spire  
  191  10:22  Hydralisk x5  
  191  10:26  Hydralisk  
  200  10:32  Zergling x2, Hydralisk  
Tags
 
Add a new tag
Caveats
  • Supply blocks, unpowered buildings, or Contaminate may cause inaccurate times.
  • Supply counts are checked every 10 seconds.